 Dungeon Crawl Stone Soup version 0.25-a0-10-g2fe12d4386 (webtiles) character file.

Game seed: 10323712739764947490, levelgen mode: deterministic

532 MrRokkomies the Ruffian (level 7, -4/64 HPs)
             Began as a Ghoul Monk on Oct 15, 2019.
             Was a Priest of Wu Jian.
             Slain by a mummy (13 damage)
             ... in an ossuary.
             The game lasted 00:08:07 (2852 turns).

MrRokkomies the Ruffian (Ghoul Monk)                Turns: 2852, Time: 00:08:08

Health: -4/64      AC:  8    Str: 17    XL:     7   Next: 24%
Magic:  6/6        EV: 10    Int:  5    God:    Wu Jian [***...]
Gold:   86         SH:  0    Dex: 11    Spells: 6/6 levels left

rFire    . . .     SeeInvis .     - Unarmed
rCold    + . .     Gourm    .   (no shield)
rNeg     + + +     Faith    +   j - +0 scale mail
rPois    ∞         Spirit   .   (no helmet)
rElec    .         Reflect  .   k - +1 cloak {rPois}
rCorr    .         Harm     .   (no gloves)
MR       .....                  (no boots)
Stlth    ..........             p - amulet of faith
HPRegen  0.00/turn              (no ring)
MPRegen  0.10/turn              (no ring)

@: rotting
A: rotting body, claws 1, carnivore, cold resistance 1, negative energy
resistance 3, inhibited regeneration, torment resistance, unbreathing
a: Wall Jump, Serpent's Lash, Renounce Religion


You were in an ossuary.
You worshipped Wu Jian.
Wu Jian was most pleased with you.
You were not hungry.

You visited 1 branch of the dungeon, and saw 4 of its levels.
You also visited: Ossuary.

You collected 86 gold pieces.

Inventory:

Missiles
 a - 3 boomerangs (quivered)
 e - 14 poisoned darts
Armour
 j - a +0 scale mail (worn)
 k - a +1 cloak of poison resistance (worn)
Jewellery
 p - an amulet of faith (around neck)
Scrolls
 d - 4 scrolls of remove curse
 m - 2 scrolls of teleportation
 o - a scroll of identify
Potions
 c - a potion of might {unknown}
 f - a potion of flight {unknown}
 g - 2 potions of brilliance
 h - a potion of curing {unknown}
 l - 2 potions of magic {unknown}
 n - a potion of haste {unknown}
Comestibles
 b - 8 rations


   Skills:
 * Level 6.6 Fighting
 - Level 2.6 Dodging
 - Level 2.1 Stealth
 * Level 6.6 Unarmed Combat


You had 6 spell levels left.
You didn't know any spells.
Your spell library was empty.

Dungeon Overview and Level Annotations

Branches:
Dungeon (4/15)            Ossuary (1/1)
 Temple: D:4-7

Altars:
Qazlal
Vehumet
Wu Jian
Zin

Annotations:
D:2 Natasha


Innate Abilities, Weirdness & Mutations

Your body is rotting away.
You thrive on raw meat.
You are immune to poison.
You have sharp fingernails.
You are carnivorous and can eat meat at any time.
Your flesh is cold resistant. (rC+)
You are immune to negative energy. (rN+++)
You do not regenerate when monsters are visible.
You are immune to unholy pain and torment.
You can survive without breathing.


Message History

You scratch the mummy.
The mummy is lightly damaged.
The mummy hits you but does no damage.
You barely miss the mummy. Your claw misses the mummy.
The mummy is lightly damaged.
You barely miss the mummy.
The mummy is lightly damaged.
The mummy hits you.
* * * LOW HITPOINT WARNING * * *
You scratch the mummy but do no damage.
The mummy is lightly damaged.
Eat a chunk of flesh? (ye/n/q)
You eat the chunk of flesh.
This raw flesh tastes great!
The mummy hits you!
* * * LOW HITPOINT WARNING * * *
You claw the mummy!
The mummy is heavily damaged.
You barely miss the mummy.
The mummy is heavily damaged.
The mummy hits you!
You die...

#####
##...##
#.....#
#.....#
#..M..#
#..@..#
#..\..#
#.....#
#..\..#
#.....#
#..^..#
#...^.#
.^^....
##.....##


You could see a mummy.

Vanquished Creatures
  An ogre (D:4)
  A centaur zombie (Ossuary)
  Crazy Yiuf (D:2)
  A hound (D:4)
  4 orc wizards
  An orc priest (D:4)
  Natasha (twice) (D:2)
  2 mummies (Ossuary)
  7 adders
  An ooze (D:3)
  2 worms
  2 dart slugs
  4 leopard geckos
  4 orcs
  6 giant cockroaches
  6 goblins
  2 hobgoblins
  4 jackals (D:2)
  4 kobolds
  8 bats
  4 frilled lizards
  A leopard gecko skeleton (D:4)
  A quokka skeleton (D:4)
  2 rats
71 creatures vanquished.

Notes
Turn   | Place    | Note
-------+----------+-------------------------------------------
     0 | D:1      | MrRokkomies the Ghoul Monk began the quest for the Orb.
     0 | D:1      | Reached XP level 1. HP: 19/19 MP: 0/0
   109 | D:1      | Reached XP level 2. HP: 22/26 MP: 1/1
   762 | D:2      | Reached XP level 3. HP: 28/32 MP: 2/2
   768 | D:2      | Found a glowing silver altar of Zin.
   816 | D:2      | Found a stormy altar of Qazlal.
   879 | D:2      | Noticed Natasha
   890 | D:2      | Killed Natasha
   934 | D:2      | Reached XP level 4. HP: 21/38 MP: 3/3
   943 | D:2      | Noticed Natasha
   962 | D:2      | Killed Natasha
  1091 | D:2      | Found a radiant altar of Vehumet.
  1210 | D:2      | Found a runed translucent door.
  1211 | D:2      | Noticed Crazy Yiuf
  1322 | D:2      | Noticed Natasha
  1466 | D:2      | Killed Crazy Yiuf
  1466 | D:2      | Reached XP level 5. HP: 22/45 MP: 4/4
  1717 | D:3      | Reached skill level 5 in Fighting
  1717 | D:3      | Reached skill level 5 in Unarmed Combat
  1821 | D:3      | Found an ornate altar of the Wu Jian Council.
  1831 | D:3      | Became a worshipper of the Wu Jian Council
  1831 | D:3      | Reached * piety under Wu Jian
  1831 | D:3      | Reached ** piety under Wu Jian
  2460 | D:3      | Reached XP level 6. HP: 42/56 MP: 5/5
  2787 | D:4      | Reached *** piety under Wu Jian
  2787 | D:4      | Reached XP level 7. HP: 50/64 MP: 6/6
  2806 | D:4      | Found a sand-covered staircase.
  2832 | Ossuary  | Entered an ossuary
  2852 | Ossuary  | Slain by a mummy

Levels and vault maps discovered:
D:1:      tarquinn_simple_flora_water_b, layout_basic
D:2:      layout_loops_ring, vehumet_crystals, overflow_temple_1_default,
          lemuel_doored_altar, uniq_crazy_yiuf_cottage, uniq_natasha
D:3:      layout_loops_corners, nicolae_overflow_crystal_walls
D:4:      layout_rooms, minmay_temple_entry_junction,
          nicolae_ossuary_entry_false_entrances
Ossuary:  ossuary_the_hunt_dpeg

Skill      XL: |  1  2  3  4  5  6 |
---------------+-------------------+-----
Fighting       | 4 5 6 |  6.6
Unarmed Combat | 4 5 6 |  6.6
Dodging        | |  2.6
Stealth        | |  2.1

Action                   |  1- 3 |  4- 6 |  7- 9 || total
-------------------------+-------+-------+-------++-------
Melee: Unarmed           |    78 |   195 |    28 ||   301
       Punch             |     1 |     2 |     1 ||     4
Throw: Boomerang         |       |     5 |       ||     5
Invok: Lunge             |       |     4 |       ||     4
       Whirlwind         |       |     2 |     4 ||     6
 Abil: Wall Jump         |       |     1 |     1 ||     2
  Use: Scroll            |     7 |     3 |       ||    10
       Potion            |       |     2 |       ||     2
 Stab: Sleeping          |     6 |       |       ||     6
  Eat: Chunk             |       |    12 |     1 ||    13
Armor: Ring mail         |     3 |       |       ||     3
       Robe              |    18 |     5 |       ||    23
       Scale mail        |       |    77 |     4 ||    81
Dodge: Dodged            |    51 |    92 |     6 ||   149

Table legend:
 A = Non-vault XP
 B = Vault XP
 C = Vault XP percentage of total XP
 D = Non-vault monster count
 E = Vault monster count
 F = Vault count percentage of total count
                 A         B        C        D         E       F
            +---------+---------+-------+---------+---------+-------
      Total |     602 |     159 |  20.9 |      66 |       5 |   7.0
            +---------+---------+-------+---------+---------+-------
        D:1 |      28 |       0 |   0.0 |      15 |       0 |   0.0
        D:2 |      65 |      77 |  54.2 |      15 |       2 |  11.8
        D:3 |     192 |       0 |   0.0 |      21 |       0 |   0.0
        D:4 |     317 |       0 |   0.0 |      15 |       0 |   0.0
    Ossuary |       0 |      82 | 100.0 |       0 |       3 | 100.0
            +---------+---------+-------+---------+---------+-------
